 Dungeon Sprint DCSS version 0.28.0-53-g5a82cb258f (webtiles) character file.

Game seed: 18430739809762018102

1328 Zeld the Eclecticist (level 8, -1/41 HPs)
             Began as a Deep Elf Conjurer on June 5, 2022.
             Was a Believer of Sif Muna.
             Slain by a two-headed ogre
             ... wielding a +0 great mace of protection
              (18 damage)
             ... in the Dungeon (Sprint III: "The Ten Rune Challenge").
             The game lasted 00:01:50 (1586 turns).

Zeld the Eclecticist (Deep Elf Conjurer)            Turns: 1586, Time: 00:01:51

Health: -1/41      AC:  2    Str:  4    XL:     8   Next: 34%
Magic:  27/31      EV: 16    Int: 26    God:    Sif Muna [**....]
Gold:   20         SH:  0    Dex: 13    Spells: 31/42 levels left

rFire   . . .      SeeInvis .   (no weapon)
rCold   . . .      Faith    .   (no shield)
rNeg    . . .      Spirit   .   a - +0 robe
rPois   .          Reflect  .   (no helmet)
rElec   .          Harm     .   (no cloak)
rCorr   .          Rampage  .   (no gloves)
Will    .....      NoTele   +   (no boots)
Stlth   ++........              (no amulet)
HPRegen 0.13/turn               (no ring)
MPRegen 0.22/turn               (no ring)

@: no status effects
A: no striking features
a: Renounce Religion, Channel Magic


You were in the Dungeon.
You worshipped Sif Muna.
Sif Muna was pleased with you.
You visited 1 branch You collected 20 gold pieces.

Inventory:

Armour
 a - a +0 robe (worn)
Wands
 n - a wand of iceblast (12)
Scrolls
 g - a scroll of blinking
 h - a scroll of torment {unknown}
 i - 4 scrolls of identify
 m - a scroll of immolation {unknown}
Potions
 b - a potion of curing
 c - a potion of heal wounds
 d - a potion of haste
 e - a potion of magic
 f - a potion of berserk rage
 j - a potion of brilliance {unknown}
 k - 3 potions of flight
 l - 4 potions of mutation
Miscellaneous
 o - a phial of floods


   Skills:
 + Level 9.5 Dodging
 - Level 2.4 Stealth
 * Level 17.5 Spellcasting
 + Level 11.5 Conjurations
 - Level 2.0 Hexes
 - Level 2.0 Translocations


You had 31 spell levels left.
You knew the following spells:

 Your Spells              Type           Power      Damage    Failure   Level
a - Magic Dart            Conj           100%       1d8       1%          1
b - Searing Ray           Conj           100%       2d8       1%          2
c - Fulminant Prism       Conj/Hex       27%        3d14      1%          4
d - Iskenderun's Mystic   Conj/Tloc      55%        2d12      1%          4

Your spell library contained the following spells:

 Spells                   Type           Power      Damage    Failure   Level
 Dazzling Flash           Conj/Hex       100%       N/A       1%          3
 Stone Arrow              Conj/Erth      100%       3d13      1%          3
 Beastly Appendage        Tmut           44%        N/A       2%          1
 Sandblast                Erth           44%        2d11      2%          1
 Passwall                 Tmut/Erth      18%        N/A       3%          2
 Wereblood                Tmut           22%        N/A       3%          2
 Spider Form              Tmut/Pois      22%        N/A       6%          3


Dungeon Overview and Level Annotations

Branches:
Dungeon (1/1)

Altars:
Cheibriados
Dithmenos
Elyvilon
Fedhas
Gozag
Hepliaklqana
Kikubaaqudgha
Makhleb
Nemelex Xobeh
Okawaru
Qazlal
Ru
Sif Muna
Trog
Uskayaw
Vehumet
Wu Jian
Xom
Yredelemnul
Zin
The Shining One
Beogh
Jiyva
Lugonu


Message History

o - a phial of floods
There is a shimmering altar of Xom here.
There is a snail-covered altar of Cheibriados here.
There is an open door here.
You start resting.
Magic restored.
You start waiting.
You start waiting.
As you open the door, it creaks loudly!
You start waiting.
There is an open door here. 2 two-headed ogres come into view.
A two-headed ogre is wielding a +0 great mace of protection and a +0 giant spiked club.
Casting: Searing Ray (safe; 1% risk of failure)
Confirm with . or Enter, or press ? or * to list all spells.
Aiming: Fulminant Prism (dangerous; 1% risk of failure)
Press: ? - help, Dir - move target, f - two-headed ogre
Aim: a two-headed ogre, wielding a +0 great mace of protection and a +0 giant spiked club (asleep)
Okay, then.
Press: ? - help, v - describe, . - travel
Here: a two-headed ogre, wielding a +0 great mace of protection and a +0 giant spiked club (asleep)
The floor.
The two-headed ogre shouts in stereo! x2; You hear two shouts!
Casting: Fulminant Prism (dangerous; 1% risk of failure)
Confirm with . or Enter, or press ? or * to list all spells.
You erupt in a blast of force!
The mystic blast hits the two-headed ogre!
The two-headed ogre is moderately wounded.
The two-headed ogre is knocked back by the mystic blast.
The two-headed ogre slams into the rock wall!
The two-headed ogre is heavily wounded.
The mystic blast hits the two-headed ogre!
The two-headed ogre is moderately wounded.
The two-headed ogre is knocked back by the mystic blast.
The two-headed ogre slams into the rock wall!
The two-headed ogre is heavily wounded.
The two-headed ogre hits you with a +0 great mace of protection!!
Ouch! That really hurt!
The two-headed ogre hits you with a +0 giant spiked club!!
You die...

♣.#.).#__)#._#
♣.###'#'###'##
..#..........#
..'.⌠........#
♣.#...######'#
..#.⌠.#__#...#+# ##
# ..#...#__#...#..
.#O#
..#'###__#...##.#O.#
..#.).#__#...'##@#
..#___#__'...#...#
▓▓▓▓▓▓▓▓▓▓▓▓▓▓▓▓▓▓


You could see 2 two-headed ogres.

Vanquished Creatures
  A deep elf pyromancer (D)
  A shadow (D)
  A spatial vortex (D)
  A necrophage (D)
  A water elemental (D)
  A scorpion (D)
  A jelly (D)
  A wizard (D)
  Jessica (D)
  A necromancer (D)
  A kobold demonologist (D)
  3 humans (D)
  3 rats (D)
17 creatures vanquished.

Vanquished Creatures (others)
  2 fulminant prisms (D)
2 creatures vanquished.

Grand Total: 19 creatures vanquished

Notes
Turn   | Place    | Note
-------+----------+-------------------------------------------
     0 | D        | Zeld the Deep Elf Conjurer began the quest for the Orb.
     0 | D        | Reached XP level 1. HP: 10/10 MP: 6/6
    14 | D        | Reached skill level 1 in Hexes
    14 | D        | Reached skill level 1 in Translocations
    27 | D        | Noticed Jessica
    29 | D        | Killed Jessica
    30 | D        | Reached skill level 6 in Spellcasting
    30 | D        | Reached skill level 5 in Conjurations
    30 | D        | Reached XP level 2. HP: 15/15 MP: 4/11
    34 | D        | Learned a level 2 spell: Searing Ray
   126 | D        | Reached skill level 7 in Spellcasting
   126 | D        | Reached XP level 3. HP: 7/19 MP: 1/13
   242 | D        | Noticed a scorpion
   247 | D        | Killed a scorpion
   248 | D        | Reached skill level 9 in Spellcasting
   248 | D        | Reached XP level 4. HP: 11/24 MP: 8/17
   253 | D        | Learned a level 4 spell: Fulminant Prism
   258 | D        | Learned a level 4 spell: Iskenderun's Mystic Blast
   410 | D        | Noticed a water elemental
   420 | D        | Killed a water elemental
   421 | D        | Reached skill level 11 in Spellcasting
   421 | D        | Reached XP level 5. HP: 6/28 MP: 11/20
   798 | D        | Found a radiant altar of Vehumet.
   799 | D        | Found a shimmering blue altar of Sif Muna.
   799 | D        | Found an ancient bone altar of Kikubaaqudgha.
   802 | D        | Reached skill level 12 in Spellcasting
   809 | D        | Became a worshipper of Sif Muna the Loreminder
   916 | D        | Found a basalt altar of Yredelemnul.
   916 | D        | Found a shadowy altar of Dithmenos.
   916 | D        | Found a sacrificial altar of Ru.
   916 | D        | Noticed a necrophage
   920 | D        | Killed a necrophage
   921 | D        | Reached skill level 5 in Dodging
   921 | D        | Reached skill level 13 in Spellcasting
   921 | D        | Reached XP level 6. HP: 32/32 MP: 9/24
  1011 | D        | Found a glowing silver altar of Zin.
  1011 | D        | Found a glowing golden altar of the Shining One.
  1011 | D        | Found a white marble altar of Elyvilon.
  1019 | D        | Noticed a deep elf pyromancer
  1021 | D        | Killed a deep elf pyromancer
  1021 | D        | Reached * piety under Sif Muna
  1022 | D        | Reached skill level 15 in Spellcasting
  1022 | D        | Reached skill level 10 in Conjurations
  1022 | D        | Reached XP level 7. HP: 36/36 MP: 9/28
  1153 | D        | Noticed a shadow
  1157 | D        | Killed a shadow
  1158 | D        | Reached skill level 16 in Spellcasting
  1382 | D        | Found a hide-covered altar of Uskayaw.
  1382 | D        | Found an iron altar of Okawaru.
  1382 | D        | Found a bloodstained altar of Trog.
  1382 | D        | Found an ornate altar of the Wu Jian Council.
  1382 | D        | Noticed a human
  1383 | D        | Noticed a human
  1385 | D        | Killed a human
  1385 | D        | Reached ** piety under Sif Muna
  1386 | D        | Reached XP level 8. HP: 41/41 MP: 20/30
  1387 | D        | Reached skill level 17 in Spellcasting
  1446 | D        | Found a blossoming altar of Fedhas.
  1446 | D        | Found a stormy altar of Qazlal.
  1447 | D        | Found a snail-covered altar of Cheibriados.
  1447 | D        | Found a burning altar of Makhleb.
  1447 | D        | Found a hazy altar of Hepliaklqana.
  1447 | D        | Found a shimmering altar of Xom.
  1447 | D        | Found an opulent altar of Gozag.
  1447 | D        | Found a sparkling altar of Nemelex Xobeh.
  1447 | D        | Found a corrupted altar of Lugonu.
  1447 | D        | Found a viscous altar of Jiyva.
  1586 | D        | Slain by a two-headed ogre

Illustrated notes

Levels and vault maps discovered:
D:        dungeon_sprint_mu [sprint_mu_entry_forest, sprint_mu_temple_rooms,
          sprint_mu_d1_spiders, sprint_mu_d2_genie, sprint_mu_d3_branching,
          sprint_mu_orc_legion, sprint_mu_elf_gauntlet, sprint_mu_hive_nellie,
          sprint_mu_lair_fedhas, sprint_mu_vaults_butterflies,
          sprint_mu_slime_circle, sprint_mu_swamp_cave, sprint_mu_shoals_archi,
          sprint_mu_blade_basic, sprint_mu_crypt_chambers,
          sprint_mu_tomb_spiral, sprint_mu_vestibule_basic,
          sprint_mu_gehenna_hellfire, sprint_mu_dis_giant,
          sprint_mu_tartarus_statrot, sprint_mu_cocytus_islands, sprint_mu_zot1]

Skill      XL: |  1  2  3  4  5  6  7  8 |
---------------+-------------------------+-----
Hexes          | 2 |  2.0
Translocations | 2 |  2.0
Spellcasting   | 6 7 9 11 13 15 16 17 | 17.5
Conjurations   | 5 7 9 10 11 | 11.5
Dodging        | 5 8 9 |  9.5
Stealth        | |  2.4

Action                   |  1- 3 |  4- 6 |  7- 9 || total
-------------------------+-------+-------+-------++-------
 Cast: Magic Dart        |     5 |       |       ||     5
       Searing Ray       |     3 |     2 |     3 ||     8
       Iskenderun's Myst |       |    10 |     7 ||    17
       Fulminant Prism   |       |     2 |       ||     2
  Use: Potion            |       |     1 |       ||     1
Dodge: Dodged            |     2 |     2 |       ||     4
